NYP
LOS ANGELES (NYP) DODGERS @ TRI-CITY DUST DEVILS
09/20/2049
 
TOP OF THE 1ST
Los Angeles (NYP) Dodgers batting - Pitching for Tri-City Dust Devils : LHP Seth Shaw
Pitching: LHP Seth Shaw
Batting: SHB Erick Hamburger 0-0: DOUBLE (Flyball, 8LXD, EV 95.6 MPH)
Batting: SHB Dave Reynoso 0-0: Called Strike
0-1: Foul Ball, location: 2F
0-2: Ball
1-2: Ball
2-2: Foul Ball, location: 2F
2-2: Strikes out swinging
Batting: RHB Jose Corral 0-0: Called Strike
0-1: Ball
1-1: Foul Ball, location: 2F
1-2: Strikes out looking
Batting: SHB Marcos Cortez 0-0: Ball
1-0: Called Strike
1-1: Swinging Strike
1-2: Foul Ball, location: 2F
1-2: Ball
2-2: Strikes out swinging
Top of the 1st over - 0 runs, 1 hit, 0 errors, 1 left on base; Los Angeles (NYP) 0 - Tri-City 0
BOTTOM OF THE 1ST
Tri-City Dust Devils batting - Pitching for Los Angeles (NYP) Dodgers : RHP Rick Grenfell
Pitching: RHP Rick Grenfell
Batting: RHB Ben Hoffman 0-0: Foul Ball, location: 2F
0-1: Hit by Pitch
Batting: RHB Hector Fernandez 0-0: Ball
Ben Hoffman is caught stealing 2nd base 2-4
1-0: Foul Ball, location: 2F
1-1: Ball
2-1: DOUBLE (Line Drive, 7LS, EV 110.0 MPH)
Batting: RHB Yuusei Narita 0-0: Ball
1-0: Foul Ball, location: 2F
1-1: Ball
2-1: Foul Ball, location: 2F
2-2: Foul Ball, location: 2F
2-2: Ball
3-2: Foul Ball, location: 2F
3-2: Foul Ball, location: 2F
3-2: Base on Balls
Batting: LHB Justin Rankin 0-0: Called Strike
0-1: Foul Ball, location: 2F
0-2: Grounds into double play, 4-6-3 (Groundball, 34, EV 90.0 MPH)
Bottom of the 1st over - 0 runs, 1 hit, 0 errors, 1 left on base; Los Angeles (NYP) 0 - Tri-City 0
TOP OF THE 2ND
Los Angeles (NYP) Dodgers batting - Pitching for Tri-City Dust Devils : LHP Seth Shaw
Batting: RHB Gaylord Wray 0-0: Ball
1-0: SINGLE (Groundball, 6MS, EV 73.8 MPH) (infield hit)
Batting: LHB Randy Stapleton 0-0: Foul Ball, location: 2F
0-1: Called Strike
0-2: Ball
1-2: SINGLE (Groundball, 25, EV 63.1 MPH) (infield hit)
Gaylord Wray to second
Batting: RHB Cory Bonham 0-0: SINGLE (Groundball, 6M, EV 98.1 MPH) (infield hit)
Gaylord Wray to third
Randy Stapleton to second
Batting: RHB Chris Graham 0-0: Called Strike
0-1: Foul Ball, location: 2F
0-2: Ball
1-2: DOUBLE (Flyball, 78D, EV 89.4 MPH)
Gaylord Wray scores
Randy Stapleton scores
Cory Bonham to third
Batting: RHB Zach Slot 0-0: Ball
1-0: Foul Ball, location: 2F
1-1: Ball
2-1: Ground out 5-3 (Groundball, 56S, EV 67.5 MPH)
Cory Bonham scores
Chris Graham to third
Batting: SHB Erick Hamburger 0-0: Ball
1-0: Foul Ball, location: 2F
1-1: Ball
2-1: Called Strike
2-2: Ball
3-2: Strikes out looking
Batting: SHB Dave Reynoso 0-0: Swinging Strike
0-1: Ball
Wild Pitch!
Chris Graham scores
1-1: Ball
2-1: Called Strike
2-2: Foul Ball, location: 2F
2-2: Ball
3-2: Foul Ball, location: 2F
3-2: Foul Ball, location: 2F
3-2: Foul Ball, location: 2F
3-2: Strikes out swinging
Top of the 2nd over - 4 runs, 4 hits, 0 errors, 0 left on base; Los Angeles (NYP) 4 - Tri-City 0
BOTTOM OF THE 2ND
Tri-City Dust Devils batting - Pitching for Los Angeles (NYP) Dodgers : RHP Rick Grenfell
Batting: RHB Ken Hahn 0-0: Ball
1-0: Ball
2-0: Fly out, F7 (Flyball, 78D, EV 94.4 MPH)
Batting: RHB Victor Contreras 0-0: Foul Ball, location: 2F
0-1: Reached on error, E4 (Groundball, 4MD, EV 108.1 MPH)
Batting: LHB Paul Collins 0-0: Ball
Victor Contreras steals 2nd base
1-0: Ball
2-0: Ground out 4-3 (Groundball, 4, EV 81.2 MPH)
Victor Contreras to third
Batting: RHB Joel Vazquez 0-0: Ball
1-0: Fly out, F8 (Flyball, 8RXD, EV 83.8 MPH)
Bottom of the 2nd over - 0 runs, 0 hits, 1 error, 1 left on base; Los Angeles (NYP) 4 - Tri-City 0
TOP OF THE 3RD
Los Angeles (NYP) Dodgers batting - Pitching for Tri-City Dust Devils : LHP Seth Shaw
Batting: RHB Jose Corral 0-0: Ball
1-0: Ball
2-0: Called Strike
2-1: Hit by Pitch
Batting: SHB Marcos Cortez 0-0: Ball
1-0: SINGLE (Line Drive, 4MD, EV 99.4 MPH)
Jose Corral to second
Batting: RHB Gaylord Wray 0-0: Called Strike
0-1: Ball
1-1: Ball
2-1: Foul Ball, location: 2F
2-2: Strikes out swinging
Batting: LHB Randy Stapleton 0-0: Ball
1-0: Ball
2-0: Called Strike
2-1: Swinging Strike
2-2: Strikes out swinging
Batting: RHB Cory Bonham 0-0: Ball
1-0: Foul Ball, location: 2F
1-1: Called Strike
1-2: Ball
2-2: Fly out, F7 (Flyball, 7, EV 80.6 MPH)
Top of the 3rd over - 0 runs, 1 hit, 0 errors, 2 left on base; Los Angeles (NYP) 4 - Tri-City 0
BOTTOM OF THE 3RD
Tri-City Dust Devils batting - Pitching for Los Angeles (NYP) Dodgers : RHP Rick Grenfell
Batting: RHB Pleun Smit 0-0: DOUBLE (Groundball, 3L, EV 111.9 MPH)
Batting: RHB Ben Hoffman 0-0: Foul Ball, location: 2F
0-1: Ball
1-1: Ball
2-1: Swinging Strike
2-2: Foul Ball, location: 2F
2-2: Strikes out swinging
Batting: RHB Hector Fernandez 0-0: Called Strike
0-1: Swinging Strike
0-2: Ball
1-2: Strikes out swinging
Batting: RHB Yuusei Narita 0-0: Ball
1-0: Fly out, F8 (Flyball, 8RD, EV 80.6 MPH)
Bottom of the 3rd over - 0 runs, 1 hit, 0 errors, 1 left on base; Los Angeles (NYP) 4 - Tri-City 0
TOP OF THE 4TH
Los Angeles (NYP) Dodgers batting - Pitching for Tri-City Dust Devils : LHP Seth Shaw
Batting: RHB Chris Graham 0-0: Swinging Strike
0-1: Swinging Strike
0-2: Foul Ball, location: 2F
0-2: Ball
1-2: Strikes out swinging
Batting: RHB Zach Slot 0-0: Ball
1-0: Ball
2-0: Ball
3-0: Called Strike
3-1: Base on Balls
Batting: SHB Erick Hamburger 0-0: SINGLE (Groundball, 5S, EV 69.4 MPH) (infield hit)
Zach Slot to second
Pitching: RHP Omar Pineda
Batting: SHB Dave Reynoso 0-0: Ball
1-0: Hit by Pitch
Zach Slot to third
Erick Hamburger to second
Batting: RHB Jose Corral 0-0: Called Strike
0-1: Ball
1-1: Ball
2-1: Foul Ball, location: 2F
2-2: Ball
3-2: Foul Ball, location: 2F
3-2: Base on Balls
Zach Slot scores
Erick Hamburger to third
Dave Reynoso to second
Batting: SHB Marcos Cortez 0-0: Ball
1-0: Ball
2-0: Ball
3-0: Called Strike
3-1: Swinging Strike
3-2: Fly out, F9 (Line Drive, 9, EV 95.6 MPH)
Batting: RHB Gaylord Wray 0-0: Called Strike
0-1: Ball
1-1: Called Strike
1-2: Ball
2-2: Strikes out swinging
Top of the 4th over - 1 run, 1 hit, 0 errors, 3 left on base; Los Angeles (NYP) 5 - Tri-City 0
BOTTOM OF THE 4TH
Tri-City Dust Devils batting - Pitching for Los Angeles (NYP) Dodgers : RHP Rick Grenfell
Batting: LHB Justin Rankin 0-0: Ball
1-0: Foul Ball, location: 2F
1-1: Ball
2-1: Fly out, F8 (Flyball, 8LD, EV 104.4 MPH)
Batting: RHB Ken Hahn 0-0: Foul Ball, location: 2F
0-1: Foul Ball, location: 2F
0-2: Ball
1-2: Ball
2-2: Strikes out swinging
Batting: RHB Victor Contreras 0-0: Ball
1-0: Fly out, F9 (Flyball, 9LM, EV 97.5 MPH)
Bottom of the 4th over - 0 runs, 0 hits, 0 errors, 0 left on base; Los Angeles (NYP) 5 - Tri-City 0
TOP OF THE 5TH
Los Angeles (NYP) Dodgers batting - Pitching for Tri-City Dust Devils : RHP Omar Pineda
Batting: LHB Randy Stapleton 0-0: Called Strike
0-1: Called Strike
0-2: Ball
1-2: Ball
2-2: Foul Ball, location: 2F
2-2: Foul Ball, location: 2F
2-2: Ball
3-2: Foul Ball, location: 2F
3-2: Strikes out swinging
Batting: RHB Cory Bonham 0-0: Ball
1-0: Foul Ball, location: 2F
1-1: Called Strike
1-2: Strikes out swinging, 2-3 out at first.
Batting: RHB Chris Graham 0-0: Called Strike
0-1: Called Strike
0-2: Ball
1-2: Ball
2-2: Foul Ball, location: 2F
2-2: Ball
3-2: DOUBLE (Groundball, 5L, EV 104.4 MPH)
Batting: RHB Zach Slot 0-0: Swinging Strike
0-1: Swinging Strike
0-2: Strikes out swinging
Top of the 5th over - 0 runs, 1 hit, 0 errors, 1 left on base; Los Angeles (NYP) 5 - Tri-City 0
BOTTOM OF THE 5TH
Tri-City Dust Devils batting - Pitching for Los Angeles (NYP) Dodgers : RHP Rick Grenfell
Batting: LHB Paul Collins 0-0: Ball
1-0: Ball
2-0: Foul Ball, location: 2F
2-1: Ball
3-1: Foul Ball, location: 2F
3-2: Base on Balls
Batting: RHB Joel Vazquez 0-0: Called Strike
0-1: Ball
1-1: Ball
2-1: Called Strike
2-2: Fielders Choice at 2nd, 1-4 (Groundball, P, EV 70.6 MPH)
Batting: RHB Pleun Smit 0-0: Called Strike
Joel Vazquez is caught stealing 2nd base 2-4
0-1: Ball
1-1: Ball
2-1: Fly out, F8 (Flyball, 8RM, EV 90.0 MPH)
Bottom of the 5th over - 0 runs, 0 hits, 0 errors, 0 left on base; Los Angeles (NYP) 5 - Tri-City 0
TOP OF THE 6TH
Los Angeles (NYP) Dodgers batting - Pitching for Tri-City Dust Devils : RHP Omar Pineda
Batting: SHB Erick Hamburger 0-0: Ball
1-0: Called Strike
1-1: Ball
2-1: Foul Ball, location: 2F
2-2: Foul Ball, location: 2F
2-2: Strikes out swinging
Batting: SHB Dave Reynoso 0-0: Foul Ball, location: 2F
0-1: Foul Ball, location: 2F
0-2: Strikes out looking
Pitching: LHP Matt Allert
Batting: RHB Jose Corral 0-0: Ball
1-0: Ball
2-0: Ground out 3-1 (Groundball, 34, EV 101.2 MPH)
Top of the 6th over - 0 runs, 0 hits, 0 errors, 0 left on base; Los Angeles (NYP) 5 - Tri-City 0
BOTTOM OF THE 6TH
Tri-City Dust Devils batting - Pitching for Los Angeles (NYP) Dodgers : RHP Rick Grenfell
Batting: RHB Ben Hoffman 0-0: Foul Ball, location: 2F
0-1: Ball
1-1: Ball
2-1: Swinging Strike
2-2: Ball
3-2: Base on Balls
Batting: RHB Hector Fernandez 0-0: Ball
Ben Hoffman steals 2nd base
1-0: Ball
2-0: Ball
3-0: Called Strike
3-1: Base on Balls
Batting: RHB Yuusei Narita 0-0: Ball
1-0: Foul Ball, location: 2F
1-1: Ball
2-1: Ball
3-1: Called Strike
3-2: Foul Ball, location: 2F
3-2: Base on Balls
Ben Hoffman to third
Hector Fernandez to second
Pitching: RHP Angel Rivas
Batting: LHB Justin Rankin 0-0: SINGLE (Flyball, 4D, EV 90.0 MPH)
Ben Hoffman scores
Hector Fernandez to third
Yuusei Narita to second
Batting: RHB Ken Hahn 0-0: Swinging Strike
0-1: Foul Ball, location: 2F
0-2: Ball
1-2: Foul Ball, location: 2F
1-2: Ball
2-2: Strikes out looking
Batting: RHB Victor Contreras 0-0: Ball
1-0: Ball
2-0: Ball
3-0: Base on Balls
Hector Fernandez scores
Yuusei Narita to third
Justin Rankin to second
Batting: LHB Paul Collins 0-0: Ball
1-0: Foul Ball, location: 2F
1-1: Swinging Strike
1-2: Strikes out swinging
Pitching: RHP Jeremy Pollom
Batting: RHB Joel Vazquez 0-0: DOUBLE (Flyball, 8LXD, EV 109.4 MPH)
Yuusei Narita scores
Justin Rankin scores
Victor Contreras to third
Pinch Hitting: SHB Cesar Arteaga 0-0: Foul Ball, location: 2F
0-1: Ball
1-1: Foul Ball, location: 2F
1-2: Foul Ball, location: 2F
1-2: Ball
2-2: Strikes out swinging
Bottom of the 6th over - 4 runs, 2 hits, 0 errors, 2 left on base; Los Angeles (NYP) 5 - Tri-City 4
TOP OF THE 7TH
Los Angeles (NYP) Dodgers batting - Pitching for Tri-City Dust Devils : LHP Matt Allert
Now at SS: Cesar Arteaga
Batting: SHB Marcos Cortez 0-0: Swinging Strike
0-1: Swinging Strike
0-2: Ball
1-2: Foul Ball, location: 2F
1-2: Ball
2-2: Foul Ball, location: 2F
2-2: Ball
3-2: Base on Balls
Batting: RHB Gaylord Wray 0-0: Ball
1-0: Fielders Choice at 2nd, 6-4 (Groundball, 6S, EV 86.9 MPH)
Pinch Hitting: RHB Edward Hillock 0-0: Foul Ball, location: 2F
0-1: Foul Ball, location: 2F
0-2: Foul Ball, location: 2F
0-2: Ball
1-2: SINGLE (Groundball, 34D, EV 93.8 MPH)
Gaylord Wray to second
Runner from 2nd tries for 3rd, SAFE, throw by RF made to third
Batting: RHB Cory Bonham 0-0: Called Strike
0-1: Swinging Strike
0-2: Ball
1-2: Foul Ball, location: 2F
1-2: Ball
2-2: Strikes out looking
Batting: RHB Chris Graham 0-0: Ball
1-0: Ball
2-0: Called Strike
2-1: Swinging Strike
2-2: Ball
3-2: Ground out 5-3 (Groundball, 56, EV 83.1 MPH)
Top of the 7th over - 0 runs, 1 hit, 0 errors, 2 left on base; Los Angeles (NYP) 5 - Tri-City 4
BOTTOM OF THE 7TH
Tri-City Dust Devils batting - Pitching for Los Angeles (NYP) Dodgers : RHP Jeremy Pollom
Now in RF: Carlos Santoni
Batting: RHB Ben Hoffman 0-0: Ball
1-0: Swinging Strike
1-1: Foul Ball, location: 2F
1-2: Strikes out swinging
Batting: RHB Hector Fernandez 0-0: Called Strike
0-1: Foul Ball, location: 2F
0-2: DOUBLE (Flyball, 78XD, EV 98.1 MPH)
Batting: RHB Yuusei Narita 0-0: Swinging Strike
0-1: Ball
1-1: Ball
2-1: Ball
3-1: Base on Balls
Batting: LHB Justin Rankin 0-0: Ball
1-0: Ball
2-0: Ball
3-0: Called Strike
3-1: Foul Ball, location: 2F
3-2: Foul Ball, location: 2F
3-2: Base on Balls
Hector Fernandez to third
Yuusei Narita to second
Pitching: RHP Justin Donovan
Batting: RHB Ken Hahn 0-0: Ball
1-0: Called Strike
1-1: Ball
2-1: Ball
3-1: Base on Balls
Hector Fernandez scores
Yuusei Narita to third
Justin Rankin to second
Batting: RHB Victor Contreras 0-0: Ball
1-0: Ball
2-0: Foul Ball, location: 2F
2-1: Ball
3-1: Fly out, F8 (Flyball, 8RM, EV 91.9 MPH)
Batting: LHB Paul Collins 0-0: Ball
1-0: Ball
2-0: Foul Ball, location: 2F
2-1: Ground out 4-3 (Groundball, 4, EV 78.8 MPH)
Bottom of the 7th over - 1 run, 1 hit, 0 errors, 3 left on base; Los Angeles (NYP) 5 - Tri-City 5
TOP OF THE 8TH
Los Angeles (NYP) Dodgers batting - Pitching for Tri-City Dust Devils : LHP Matt Allert
Batting: RHB Zach Slot 0-0: Called Strike
0-1: Ball
1-1: Swinging Strike
1-2: Foul Ball, location: 2F
1-2: Foul Ball, location: 2F
1-2: Ball
2-2: Strikes out swinging
Batting: SHB Erick Hamburger 0-0: Ball
1-0: Ball
2-0: Ball
3-0: Swinging Strike
3-1: Base on Balls
Pitching: RHP Chris Haselhorst
Batting: SHB Dave Reynoso 0-0: Ball
1-0: Foul Ball, location: 2F
1-1: Called Strike
Erick Hamburger is caught stealing 2nd base 2-6
1-2: Ball
2-2: Foul Ball, location: 2F
2-2: Foul Ball, location: 2F
2-2: Ball
3-2: Ground out U3 (Groundball, 3, EV 78.8 MPH)
Top of the 8th over - 0 runs, 0 hits, 0 errors, 0 left on base; Los Angeles (NYP) 5 - Tri-City 5
BOTTOM OF THE 8TH
Tri-City Dust Devils batting - Pitching for Los Angeles (NYP) Dodgers : RHP Justin Donovan
Batting: RHB Joel Vazquez 0-0: Ball
1-0: Called Strike
1-1: SINGLE (Groundball, 4D, EV 99.4 MPH)
Pitching: RHP Bobby Altamirano
Batting: SHB Cesar Arteaga 0-0: Ball
1-0: Ball
2-0: Ball
Wild Pitch!
Joel Vazquez to second
3-0: Called Strike
3-1: Called Strike
3-2: Foul Ball, location: 2F
3-2: Foul Ball, location: 2F
3-2: Strikes out swinging
Batting: RHB Ben Hoffman 0-0: Ball
1-0: Ball
2-0: Ball
3-0: Base on Balls
Batting: RHB Hector Fernandez 0-0: Ball
1-0: Ground out 5-3 (Groundball, 56, EV 83.1 MPH)
Joel Vazquez to third
Ben Hoffman to second
Batting: RHB Yuusei Narita 0-0: Ball
1-0: Ball
2-0: Ball
3-0: Base on Balls
Batting: LHB Justin Rankin 0-0: Called Strike
0-1: Fly out, F7 (Flyball, 7, EV 85.0 MPH)
Bottom of the 8th over - 0 runs, 1 hit, 0 errors, 3 left on base; Los Angeles (NYP) 5 - Tri-City 5
TOP OF THE 9TH
Los Angeles (NYP) Dodgers batting - Pitching for Tri-City Dust Devils : RHP Chris Haselhorst
Batting: RHB Jose Corral 0-0: Called Strike
0-1: Hit by Pitch
Batting: SHB Marcos Cortez 0-0: Ball
1-0: Ball
2-0: Foul Ball, location: 2F
2-1: Foul Ball, location: 2F
2-2: Strikes out swinging
Pinch Hitting: RHB Geoff Musico 0-0: Swinging Strike
0-1: Foul Ball, location: 2F
0-2: Ball
1-2: Strikes out looking
Pinch Hitting: LHB Conor Bailey 0-0: Fielders Choice at 2nd, 6-4 (Groundball, 6, EV 81.2 MPH)
Top of the 9th over - 0 runs, 0 hits, 0 errors, 1 left on base; Los Angeles (NYP) 5 - Tri-City 5
BOTTOM OF THE 9TH
Tri-City Dust Devils batting - Pitching for Los Angeles (NYP) Dodgers : RHP Bobby Altamirano
Now at C: Geoff Musico
Now in LF: Areda Obote
Now in RF: Zach Slot
Pinch Hitting: SHB Jared Boyce 0-0: Ball
1-0: Ball
2-0: Swinging Strike
2-1: Foul Ball, location: 2F
2-2: DOUBLE (Line Drive, 7LS, EV 99.4 MPH)
Batting: RHB Victor Contreras 0-0: Ball
1-0: Ball
2-0: SINGLE (Groundball, 6S, EV 69.4 MPH) (infield hit)
Jared Boyce to third
Batting: LHB Paul Collins 0-0: Ball
1-0: Called Strike
1-1: Called Strike
1-2: Ball
2-2: 3-RUN HOME RUN (Flyball, 89XD, EV 111.9 MPH), Distance : 414 ft
Bottom of the 9th over - 3 runs, 3 hits, 0 errors, 0 left on base; Los Angeles (NYP) 5 - Tri-City 8
Sunday, July 16th , 2023 - OOTP Baseball 24.6 Build 69